 Dungeon Crawl Stone Soup version 0.18-a0-900-gbbf5c82 (webtiles) character file.

74 deanyohobro the Shield-Bearer (level 4, -5/38 HPs)
             Began as a Formicid Fighter on Dec 24, 2015.
             Killed by nerve-wracking pain
             ... invoked by Grinder
              (12 damage)
             ... on level 3 of the Dungeon.
             The game lasted 00:02:45 (1415 turns).

deanyohobro the Shield-Bearer (Formicid Fighter)    Turns: 1415, Time: 00:02:45

Health: -5/38      AC: 10    Str: 27    XL:     4   Next: 54%
Magic:  4/4        EV:  8    Int:  7    God:
Gold:   23         SH: 13    Dex: 10    Spells: 0 memorised, 3 levels left

rFire  . . .     SeeInvis +     a - +0 trident
rCold  + . .     Gourm    .     b - +0 scale mail
rNeg   . . .     Faith    .     c - +0 shield
rPois  +         Spirit   .     (helmet unavailable)
rElec  .         Dismiss  .     p - +2 cloak
rCorr  .         Reflect  +     (no gloves)
SustAt .         Harm     .     (no boots)
MR     .....                    h - +3 amulet of reflection
Stlth  ..........               (no ring)
                                (no ring)

@: mighty, lethally poisoned (-5 -> -7), not resistant to hostile enchantments,
extremely unstealthy
A: permanent stasis, dig shafts and tunnels, four strong arms, antennae 3, cold
resistance 1, deterioration 1, poison resistance
a: Dig, Shaft Self


You were on level 3 of the Dungeon.
You were hungry.

You visited 1 branch of the dungeon, and saw 3 of its levels.

You collected 23 gold pieces.

Inventory:

Hand Weapons
 a - a +0 trident (weapon)
Armour
 b - a +0 scale mail (worn)
 c - a +0 shield (worn)
 p - a +2 cloak (worn)
Jewellery
 h - a +3 amulet of reflection (around neck)
Scrolls
 e - a scroll of blinking {unknown}
 m - a scroll of enchant armour {unknown}
 o - a scroll of identify {unknown}
 q - a scroll of fear {unknown}
Potions
 d - 2 potions of might
 i - a potion of curing {unknown}
 l - 2 potions of ambrosia {unknown}
Comestibles
 f - a bread ration
 j - a slice of pizza
 k - 4 fruits
 n - 3 beef jerkies


   Skills:
 + Level 4.6 Fighting
 - Level 2.0 Polearms
 - Level 3.2 Armour
 + Level 4.8 Shields


You had 3 spell levels left.
You didn't know any spells.

Dungeon Overview and Level Annotations

Branches:
Dungeon (3/15)

Altars:
Fedhas

Annotations:
D:3 Grinder


Innate Abilities, Weirdness & Mutations

You are under a permanent stasis effect.
You can dig through walls and to a lower floor.
Your four strong arms can wield two-handed weapons with a shield.
You have a pair of large antennae on your head (SInv).
Your flesh is cold resistant.
Your body sometimes deteriorates upon taking damage.
Your system is resistant to poisons.


Message History

Grinder gestures.
Grinder blinks!
You hit the adder.
The adder is heavily wounded.
You block the adder's attack.
Your shield and scale mail prevent you from hitting the adder.
The adder is heavily wounded.
You feel sick. You block the adder's attack. You block the adder's attack.
Grinder gestures.
Grinder blinks!
You puncture the adder!
You kill the adder!
Grinder hits you but does no damage.
Drink which item? (? for menu, Esc to quit)
It was a potion of mutation.
You feel extremely strange.
You feel resistant to cold.
You feel yourself wasting away.
You feel resistant to poisons. Grinder gestures at you.
Pain shoots through your body!
You die...

.# .## { ..# #########
..## #.......##...#
#............####
#................
#........@....#.
######.......5........
#............#####....
#...).........# ...
#.............# ..
#.............#
########......#
#####......#
##..........#


You could see Grinder.

Vanquished Creatures
  3 adders
  A worm (D:2)
  2 giant geckos
  3 giant cockroaches (D:1)
  8 goblins
  4 hobgoblins
  6 kobolds
  A quokka (D:3)
  6 bats
  A giant newt (D:2)
  7 rats
42 creatures vanquished.

Notes
Turn   | Place    | Note
--------------------------------------------------------------
     0 | D:1      | deanyohobro the Formicid Fighter began the quest for the Orb.
     0 | D:1      | Reached XP level 1. HP: 18/18 MP: 1/1
    66 | D:1      | Reached XP level 2. HP: 24/24 MP: 2/2
   406 | D:1      | Reached skill level 4 in Shields
   659 | D:2      | Reached XP level 3. HP: 30/30 MP: 3/3
  1031 | D:2      | Reached XP level 4. HP: 38/38 MP: 4/4
  1374 | D:3      | Found a blossoming altar of Fedhas.
  1398 | D:3      | Noticed Grinder
  1415 | D:3      | Gained mutation: Your flesh is cold resistant. [potion of mutation]
  1415 | D:3      | Gained mutation: Your body sometimes deteriorates upon taking damage. [potion of mutation]
  1415 | D:3      | Gained mutation: Your system is resistant to poisons. [potion of mutation]
  1415 | D:3      | Killed from afar by Grinder

Vault maps used:
D:1:      dpeg_arrival_chase
D:3:      lemuel_doored_altar, okawaru_trees_1, vehumet_altar_wand_db,
          uniq_grinder

Action                   |  1- 3 |  4- 6 || total
-------------------------+-------+-------++-------
Melee: Trident           |    86 |    49 ||   135
  Use: Potion            |       |     2 ||     2
  Eat: Chunk             |     1 |       ||     1
